Map: Port Aleksander LE

Players

macromore - Winner!

  • Race: Terran Terran
  • League: Diamond
  • Spawn Location: 5:00

VOD

Have the link to the VOD?

Description

Time

  • Played on: Feb. 27, 2019, 1:44 p.m.
  • Length: 16:12
Show
View Real Time Build Order
Export as new Build Order

macromore Terran - Winner!

Build Orders:  

Get SALT Encoding   

  12  0:01  SCV  
  13  0:18  SCV  
  14  0:25  Supply Depot  
  14  0:35  SCV  
  15  0:55  SCV  
  15  0:58  Barracks  
  16  1:04  Refinery  
  16  1:15  SCV  
  17  1:32  SCV  
  18  1:49  SCV  
  19  2:06  Orbital Command  
  20  2:12  Reaper  
  20  2:26  Command Center  
  20  2:43  SCV, Supply Depot  
  21  3:00  Factory  
  21  3:10  SCV  
  21  3:15  Refinery  
  22  3:20  Barracks Reactor  
  22  3:27  SCV  
  23  3:44  SCV  
  24  4:01  SCV  
  25  4:10  Orbital Command  
  25  4:11  Starport  
  25  4:13  Marine  
  25  4:14  Marine  
  25  4:15  Factory Tech Lab  
  27  4:26  SCV  
  28  4:34  Barracks  
  28  4:40  Marine  
  28  4:41  Marine  
  28  4:49  SCV x2  
  32  5:06  SCV x2  
  34  5:12  Supply Depot  
  34  5:14  Raven  
  34  5:15  Marine x2  
  38  5:26  SCV x2  
  40  5:30  Barracks  
  40  5:41  Marine  
  40  5:42  Marine  
  40  5:43  Factory Tech Lab  
  40  5:46  SCV x2  
  44  5:59  Supply Depot  
  44  6:02  SCV  
  44  6:03  SCV  
  44  6:06  Marine x2  
  48  6:19  SCV  
  49  6:20  SCV  
  50  6:30  Stimpack  
  50  6:31  Marauder  
  50  6:32  Marine  
  50  6:33  Marine  
  50  6:36  SCV  
  50  6:37  SCV  
  56  6:44  Bunker  
  56  6:57  Starport Reactor, Supply Depot, Factory Reactor  
  56  7:00  Unknown  
  56  7:01  Marauder  
  56  7:04  Marauder  
  56  7:06  Marine x2  
  62  7:23  Engineering Bay  
  62  7:27  SCV x2  
  62  7:29  Supply Depot  
  64  7:31  Supply Depot  
  64  7:44  SCV x2  
  64  7:46  Refinery, Marauder, Marine x2  
  64  7:49  Refinery, Widow Mine x2  
  70  7:59  Medivac, Marauder  
  78  8:01  SCV, Medivac  
  78  8:05  Supply Depot  
  78  8:07  Supply Depot  
  81  8:21  SCV x2  
  81  8:25  Widow Mine x2  
  83  8:33  Marine x2  
  83  8:35  Marauder x2  
  93  8:40  Terran Infantry Weapons Level 1  
  93  8:43  SCV x2  
  95  8:55  Widow Mine  
  95  8:59  Marine  
  96  9:00  SCV, Marine  
  96  9:01  Medivac  
  96  9:07  Widow Mine  
  102  9:12  Supply Depot  
  102  9:15  Supply Depot  
  102  9:17  SCV x2, Marauder x2  
  110  9:32  Widow Mine  
  110  9:34  Concussive Shells  
  110  9:39  Medivac  
  110  9:41  Marine  
  110  9:42  Marine  
  110  9:45  Widow Mine  
  110  9:47  Marauder  
  107  9:53  Marine  
  107  9:56  Medivac  
  106  10:02  Widow Mine  
  106  10:04  Supply Depot, Command Center  
  106  10:06  Marine  
  94  10:21  Widow Mine  
  94  10:29  Marauder x2, Marine  
  99  10:31  Medivac  
  99  10:32  Widow Mine  
  99  10:38  Medivac  
  106  10:56  Marine x2  
  106  10:58  SCV x2  
  106  10:59  Marauder x2  
  114  11:08  Barracks  
  113  11:15  Widow Mine  
  113  11:16  Supply Depot  
  113  11:20  Armory, Barracks  
  113  11:23  Engineering Bay  
  113  11:24  Viking x2  
  113  11:27  Marine  
  113  11:29  Marauder  
  122  11:31  Terran Infantry Armor Level 1  
  113  11:44  Marine  
  110  11:58  Marine x2  
  110  11:59  Marauder  
  105  12:19  Widow Mine x2  
  105  12:23  Marauder  
  105  12:25  Barracks Reactor  
  105  12:26  Barracks Tech Lab  
  105  12:28  Marine x2  
  105  12:29  Marauder  
  113  12:30  Medivac x2  
  113  12:53  Marauder  
  107  13:01  Refinery  
  107  13:08  Refinery  
  107  13:09  Marauder x2, Marine x2  
  113  13:12  SCV x2  
  113  13:17  Supply Depot, Ghost Academy  
  113  13:19  Supply Depot  
  115  13:23  Supply Depot, Widow Mine, Marine  
  115  13:24  Widow Mine, Marine  
  120  13:43  Orbital Command  
  120  13:45  SCV x2  
  122  14:02  SCV x2  
  124  14:16  Ghost  
  124  14:17  Ghost x2, Widow Mine x2, Marine  
  124  14:18  Marine x3  
  134  14:21  Supply Depot  
  134  14:24  Supply Depot  
  134  14:28  Viking  
  140  14:42  Marine  
  141  14:52  Marine x2  
  141  14:53  Marine  
  141  14:56  Marine  
  141  14:59  Widow Mine x2  
  145  15:01  Marauder x2  
  153  15:21  Marauder, Marine x4  
  159  15:30  Medivac  
  159  15:32  SCV x3  
  159  15:34  Supply Depot  
  159  15:38  Supply Depot  
  159  15:39  Supply Depot  
  166  15:49  SCV  
Tags
 
Add a new tag
Caveats
  • Supply blocks, unpowered buildings, or Contaminate may cause inaccurate times.
  • Supply counts are checked every 10 seconds.